 Dungeon Crawl Stone Soup version 0.21-a0-633-g4c047d5 (webtiles) character file.

86 Alarkh the Slasher (level 4, 0/33 HPs)
             Began as a Demonspawn Skald on Dec 28, 2017.
             Succumbed to an adder's poison
             ... on level 2 of the Dungeon.
             The game lasted 00:02:21 (2182 turns).

Alarkh the Slasher (Demonspawn Skald)               Turns: 2182, Time: 00:02:21

Health: 0/33       AC:  3    Str: 11    XL:     4   Next: 26%
Magic:  0/7        EV: 12    Int: 16    God:
Gold:   63         SH:  0    Dex: 12    Spells: 6/7 levels left

rFire    . . .     SeeInvis .   a - +0 falchion
rCold    . . .     Gourm    .   (no shield)
rNeg     . . .     Faith    .   i - +0 leather armour (curse)
rPois    .         Spirit   .   (no helmet)
rElec    .         Reflect  .   (no cloak)
rCorr    .         Harm     .   (no gloves)
MR       .....                  (no boots)
Stlth    +++.......             (no amulet)
HPRegen  0.11/turn              h - +1 ring of slaying
MPRegen  0.10/turn              (no ring)

@: lethally poisoned (0 -> -7), infused (expiring)
A: nightstalker 2, sturdy frame 1
a: no special abilities


You were on level 2 of the Dungeon.
You were not hungry.

You visited 1 branch of the dungeon, and saw 2 of its levels.

You collected 63 gold pieces.

Inventory:

Hand Weapons
 a - a +0 falchion (weapon)
Armour
 b - a +0 leather armour
 i - a cursed +0 leather armour (worn)
Jewellery
 h - a +1 ring of slaying (left hand)
Scrolls
 e - a scroll of identify
 g - a scroll of remove curse
Books
 c - a book of Battle

   Spells                             Type                      Level
   a - Infusion                       Charms                       1
   b - Shroud of Golubria             Charms/Translocation         2
   c - Song of Slaying                Charms                       2
   d - Spectral Weapon                Hexes/Charms                 3
   e - Regeneration                   Charms/Necromancy            3
Comestibles
 d - 3 rations
 f - a chunk of flesh


   Skills:
 - Level 2.0 Fighting
 + Level 4.2 Long Blades
 - Level 0.8 Armour
 - Level 1.7 Dodging
 - Level 2.0 Spellcasting
 - Level 2.6 Charms


You had 6 spell levels left.
You knew the following spells:

 Your Spells              Type           Power        Failure   Level  Hunger
a - Infusion              Chrm           ##..         8%          1    #......


Dungeon Overview and Level Annotations

Branches:
Dungeon (2/15)

Altars:


Innate Abilities, Weirdness & Mutations

You are significantly more attuned to the shadows.
Your movements are slightly less encumbered by armour. (ER -2)


Message History

* * * LOW HITPOINT WARNING * * *
You are lethally poisoned!
The adder poisons you!
You barely miss the adder.
The adder is severely wounded.
* * * LOW HITPOINT WARNING * * *
You feel sick. The adder bites you.
* * * LOW HITPOINT WARNING * * *
The adder closely misses you.
You riposte.
You closely miss the adder.
The adder is severely wounded.
You hit the adder!
You kill the adder!
Your magical infusion is running out.
* * * LOW HITPOINT WARNING * * *
You feel sick.
You aren't carrying any potions.
Okay, then.
* * * LOW HITPOINT WARNING * * *
You feel sick.
You die...

#### ...## #..# #.# #.#
##.....# .... #.#
##........ .8.. #@##
#......... ....###..#
#......... ..8..#...#
#.........
.......#.######..)......
..$...##................
...[....†..####.........
..?.................(...
........##.##.........#.
###...###...##....÷..###


There were no monsters in sight!

Vanquished Creatures
  3 adders (D:2)
  An ooze (D:2)
  A worm (D:2)
  3 dart slugs (D:1)
  A leopard gecko (D:2)
  2 giant cockroaches (D:1)
  2 hobgoblins (D:1)
  6 jackals (D:1)
  A quokka (D:2)
  A ball python (D:2)
  5 bats
  6 frilled lizards
  5 goblins
  5 kobolds
  4 rats (D:1)
46 creatures vanquished.

Notes
Turn   | Place    | Note
-------+----------+-------------------------------------------
     0 | D:1      | Alarkh the Demonspawn Skald began the quest for the Orb.
     0 | D:1      | Reached XP level 1. HP: 16/16 MP: 3/3
    75 | D:1      | Reached skill level 2 in Long Blades
   341 | D:1      | Gained mutation: You are slightly more attuned to the shadows. [demonic ancestry]
   341 | D:1      | Reached XP level 2. HP: 22/22 MP: 0/5
   804 | D:1      | Reached skill level 3 in Long Blades
  1089 | D:1      | Gained mutation: You are significantly more attuned to the shadows. [demonic ancestry]
  1089 | D:1      | Reached XP level 3. HP: 23/27 MP: 0/6
  2175 | D:2      | Reached skill level 4 in Long Blades
  2175 | D:2      | Gained mutation: Your movements are slightly less encumbered by armour. (ER -2) [demonic ancestry]
  2175 | D:2      | Reached XP level 4. HP: 8/33 MP: 1/7
  2179 | D:2      | HP: 1/33 [poisoned by an adder]
  2182 | D:2      | Succumbed to an adder's poison

Vault maps used:
D:1:      onia_arrival_mini_maze_b, minmay_crystal_room
D:2:      zin_statuary, xom_redecorated, nicolae_overflow_hidden_temple

Skill      XL: |  1  2  3 |
---------------+----------+-----
Long Blades    | 2 3 4 |  4.2
Fighting       | |  2.0
Armour         | |  0.8
Dodging        | |  1.7
Spellcasting   | |  2.0
Charms         | |  2.6

Action                   |  1- 3 |  4- 6 || total
-------------------------+-------+-------++-------
Melee: Falchion          |   112 |     4 ||   116
 Cast: Infusion          |    29 |       ||    29
  Use: Scroll            |     1 |       ||     1
 Stab: Sleeping          |     6 |       ||     6
  Eat: Chunk             |     5 |       ||     5
Armor: Leather armour    |    35 |       ||    35
Dodge: Dodged            |    87 |     2 ||    89
       Rpst.: Falchion   |    24 |     1 ||    25

Table legend:
 A = Spawn XP
 B = Non-spawn XP
 C = Spawn XP percentage of total XP
 D = Spawn monster count
 E = Non-spawn monster count
 F = Spawn count percentage of total count
 G = Total turns spent on level
                    A         B        C        D         E        F      G
               +---------+---------+-------+---------+---------+-------+---------
         Total |       0 |     123 |   0.0 |       0 |      46 |   0.0 |  2182
               +---------+---------+-------+---------+---------+-------+---------
           D:1 |       0 |      55 |   0.0 |       0 |      32 |   0.0 |  1833
           D:2 |       0 |      68 |   0.0 |       0 |      14 |   0.0 |   349
               +---------+---------+-------+---------+---------+-------+---------
